 Dungeon Crawl Stone Soup version 0.21-a0 (webtiles) character file.

1820 Lexie the Firebug (level 9, 0/57 HPs)
             Began as an Octopode Fire Elementalist on May 19, 2017.
             Slain by an orc warrior
             ... wielding a +0 mace
              (8 damage)
             ... on level 5 of the Dungeon.
             The game lasted 00:24:18 (8183 turns).

Lexie the Firebug (Octopode Fire Elementalist)      Turns: 8183, Time: 00:24:19

Health: 0/57       AC:  3    Str:  8    XL:     9   Next: 10%
Magic:  6/26       EV: 13    Int: 20    God:
Gold:   274        SH:  0    Dex: 14    Spells: 4/19 levels left

rFire    . . .     SeeInvis .   m - +1 dagger (venom)
rCold    . . .     Gourm    .   (no shield)
rNeg     . . .     Faith    .   q - +2 hat
rPois    +         Spirit   .   (no amulet)
rElec    .         Reflect  .   o - +2 ring of dexterity
rCorr    .         Harm     .   p - ring of magical power
MR       .....                  w - ring of poison resistance
Stlth    ++++......             (no ring)
Regen    0.2/turn               (no ring)
MPRegen  0.2/turn               (no ring)
                                (no ring)
                                (no ring)

@: very slightly contaminated
A: almost no armour, stealthy swim, amphibious, 8 rings, constrict 8, camouflage
1, gelatinous body 1
a: no special abilities


You were on level 5 of the Dungeon.
You were not hungry.

You visited 1 branch of the dungeon, and saw 6 of its levels.

You collected 274 gold pieces.

Inventory:

Hand Weapons
 m - a +1 dagger of venom (weapon)
Missiles
 n - 8 needles of confusion
Armour
 q - a +2 hat (worn)
Jewellery
 o - a +2 ring of dexterity (left tentacle)
 p - a ring of magical power (right tentacle)
 w - a ring of poison resistance (on tentacle)
Wands
 l - a wand of digging (7/24)
 u - a wand of flame (48/48)
Scrolls
 d - a scroll of blinking
 e - a scroll of magic mapping
 i - 2 scrolls of enchant weapon
 j - 2 scrolls of remove curse
 k - a scroll of teleportation {unknown}
 t - 2 scrolls of identify
Potions
 f - a potion of mutation {unknown}
 g - a potion of brilliance
 h - a potion of degeneration {unknown}
 r - a potion of cancellation {unknown}
 s - a potion of berserk rage {unknown}
 x - a potion of curing {unknown}
Books
 a - a book of Flames

   Spells                             Type                      Level
   a - Flame Tongue                   Conjuration/Fire             1
   b - Throw Flame                    Conjuration/Fire             2
   c - Conjure Flame                  Conjuration/Fire             3
   d - Inner Flame                    Hexes/Fire                   3
   e - Sticky Flame                   Conjuration/Fire             4
   f - Fireball                       Conjuration/Fire             5
Comestibles
 b - 3 bread rations
 c - 3 chunks of flesh


   Skills:
 * Level 3.6 Fighting
 - Level 2.0 Dodging
 - Level 4.0 Stealth
 * Level 5.9 Spellcasting
 + Level 5.9 Conjurations
 + Level 6.9 Fire Magic


You had 4 spell levels left.
You knew the following spells:

 Your Spells              Type           Power        Failure   Level  Hunger
a - Flame Tongue          Conj/Fire      ####.        1%          1    None
b - Throw Flame           Conj/Fire      ####..       1%          2    None
c - Conjure Flame         Conj/Fire      ####....     2%          3    ##.....
d - Sticky Flame          Conj/Fire      ####....     8%          4    ####...
e - Fireball              Conj/Fire      ####......   21%         5    #####..


Dungeon Overview and Level Annotations

Branches:
Dungeon (6/15)
 Temple: D:4-7

Altars:
Cheibriados
Dithmenos
Hepliaklqana
Trog
Vehumet
Zin

Annotations:
D:4 exclusion: statue
D:5 newuser's ghost, novice MfGl


Innate Abilities, Weirdness & Mutations

You cannot wear most types of armour.
You are very stealthy in the water. (Stealth+)
You are amphibious.
You can wear up to eight rings at the same time.
You can use your tentacles to constrict eight enemies at once.
Your skin changes colour to match your surroundings (Stealth+).
Your rubbery body absorbs attacks. (AC +1, EV +1)


Message History

Aiming: Fireball
Press: ? - help, Shift-Dir - straight line, f/p - orc warrior
Aim: an orc warrior, wielding a mace and wearing a plate armour (heavily wounded)
You miscast Fireball.
Your skin tingles.
The orc warrior hits you with a mace.
Things that are here:
a falchion; a leather armour Some of the chunks of flesh in your inventory have rotted away.
There is a stone staircase leading up here.
The orc warrior barely misses you. The orc warrior closely misses you.
You climb upwards.
Level annotation: newuser's ghost, novice MfGl Newuser's ghost hits you.
Newuser's ghost hits you!
There is a stone staircase leading down, spattered with blood here.
Newuser's ghost hits you!
* * * LOW HITPOINT WARNING * * *
There is a stone staircase leading up here.
The orc warrior hits you with a mace!
You die...

##..≈≈≈≈.≈≈≈≈≈.#
##.≈≈≈≈.≈≈≈≈≈.#
#.≈≈≈≈.≈≈≈≈≈.#
#.≈≈≈≈.≈≈≈≈≈.#
#............#
###########..######
#..........#
#..........#
#....@.....#
#....oW....#
#..........#
#....>.....#
#..........#
############


You could see an orc warrior and newuser's ghost.

Vanquished Creatures
  Grinder (D:4)
  Eustachio (D:6)
  An ice beast (D:5)
  A phantom (D:4)
  2 sky beasts
  An ogre (D:4)
  2 bullfrogs
  A scorpion (D:5)
  A howler monkey (D:4)
  A bullfrog zombie (D:5)
  A jelly (D:5)
  6 orc wizards
  A bullfrog skeleton (D:4)
  3 orc priests
  4 iguanas
  3 worker ants
  Natasha (thrice) (D:4)
  9 adders
  2 oozes
  An adder zombie (D:5)
  3 worms
  2 dart slugs
  4 leopard geckos
  21 orcs
  6 giant cockroaches
  9 hobgoblins
  9 jackals
  3 quokkas (D:3)
  7 bats
  9 frilled lizards
  11 goblins
  A jackal skeleton (D:4)
  10 kobolds
  A leopard gecko skeleton (D:4)
  A quokka skeleton (D:4)
  3 rats (D:3)
145 creatures vanquished.

Notes
Turn   | Place    | Note
-------+----------+-------------------------------------------
     0 | D:1      | Lexie the Octopode Fire Elementalist began the quest for the Orb.
     0 | D:1      | Reached XP level 1. HP: 11/11 MP: 3/3
   482 | D:1      | Reached XP level 2. HP: 17/17 MP: 0/5
  1308 | D:1      | Learned a level 2 spell: Throw Flame
  1406 | D:1      | Reached XP level 3. HP: 21/21 MP: 1/6
  1530 | D:2      | Found a shadowy altar of Dithmenos.
  1638 | D:2      | Found a hazy altar of Hepliaklqana.
  2054 | D:2      | Reached XP level 4. HP: 27/27 MP: 6/8
  2089 | D:2      | Found a bloodstained altar of Trog.
  2531 | D:3      | Reached skill level 4 in Fire Magic
  2717 | D:3      | Reached XP level 5. HP: 31/31 MP: 5/9
  3229 | D:3      | Reached XP level 6. HP: 16/36 MP: 2/11
  3382 | D:3      | Learned a level 3 spell: Conjure Flame
  3387 | D:3      | Learned a level 4 spell: Sticky Flame
  3817 | D:4      | Found a snail-covered altar of Cheibriados.
  3979 | D:4      | Noticed Grinder
  3991 | D:4      | Paralysed by Grinder for 2 turns
  4101 | D:4      | Noticed Natasha
  4108 | D:4      | Killed Natasha
  4108 | D:4      | Reached skill level 5 in Fire Magic
  4212 | D:4      | Reached XP level 7. HP: 41/41 MP: 13/13
  4422 | D:4      | Noticed Natasha
  4427 | D:4      | Killed Natasha
  4578 | D:4      | Found a glowing silver altar of Zin.
  4644 | D:4      | Noticed Natasha
  4648 | D:4      | Killed Natasha
  4722 | D:4      | Found a radiant altar of Vehumet.
  4732 | D:4      | Killed Grinder
  4969 | D:4      | Learned a level 5 spell: Fireball
  5212 | D:4      | Reached XP level 8. HP: 46/46 MP: 11/15
  5465 | D:4      | Reached skill level 5 in Spellcasting
  5465 | D:4      | Reached skill level 5 in Conjurations
  5465 | D:4      | Reached skill level 6 in Fire Magic
  5864 | D:5      | Entered Level 5 of the Dungeon
  5923 | D:5      | Noticed newuser's ghost (novice MfGl)
  6037 | D:5      | Reached skill level 1 in Fighting
  7229 | D:6      | Noticed Eustachio
  7947 | D:6      | Reached XP level 9. HP: 57/57 MP: 17/17
  8068 | D:6      | Killed Eustachio
  8183 | D:5      | Slain by an orc warrior

Vault maps used:
D:1:      lemuel_arrival_broad_hall
D:2:      lemuel_crystal_altar, lemuel_doored_altar, bloody_trog
D:3:      first_bread
D:4:      cheibrodos_greedy_goblins, vehumet_statue, cheibriados_altar_1,
          zin_scriptorium, uniq_grinder, uniq_natasha
D:5:      minivault_14
D:6:      kennysheep_big_flooded_room, lemuel_crystal_altar,
          minmay_temple_entry_enclosed_plants, supply_closet_lemuel,
          hangedman_abyss_or_decor_stagger, uniq_eustachio, uniq_duvessa

Skill      XL: |  1  2  3  4  5  6  7  8 |
---------------+-------------------------+-----
Conjurations   | 2 3 4 5 |  5.9
Spellcasting   | 3 4 5 |  5.9
Fire Magic     | 4 5 6 |  6.9
Fighting       | 3 |  3.6
Stealth        | 4 |  4.0
Dodging        | |  2.0

Action                   |  1- 3 |  4- 6 |  7- 9 || total
-------------------------+-------+-------+-------++-------
Melee: Unarmed           |    12 |       |       ||    12
       Constrict         |     5 |     2 |     2 ||     9
       Dagger            |     3 |     3 |     6 ||    12
       Tentacles         |     1 |     1 |     1 ||     3
 Cast: Flame Tongue      |    71 |    57 |    37 ||   165
       Throw Flame       |     1 |    24 |   171 ||   196
       Sticky Flame      |       |     2 |    11 ||    13
       Conjure Flame     |       |     2 |     3 ||     5
       Fireball          |       |       |     3 ||     3
  Use: Scroll            |       |       |     9 ||     9
 Stab: Sleeping          |       |       |     1 ||     1
  Eat: Chunk             |     4 |     8 |    10 ||    22
       Meat ration       |       |       |     1 ||     1
       Royal jelly       |       |       |     1 ||     1
Armor: Skin              |     2 |     4 |       ||     6
Dodge: Dodged            |    27 |    23 |    21 ||    71
